 Dungeon Crawl Stone Soup version 0.28.0-45-g0d030f2227 (webtiles) character file.

Game seed: 7681821166905558736

167021 NinjaNoafa the Fighter (level 17, -18/138 (152) HPs)
             Began as a Minotaur Fighter on Apr 18, 2022.
             Was the Champion of Ru.
             Killed from afar by a salamander tyrant (20 damage)
             ... with a flame surge
             ... on level 4 of the Snake Pit on Apr 19, 2022.
             The game lasted 02:04:55 (36591 turns).

NinjaNoafa the Fighter (Minotaur Fighter)          Turns: 36591, Time: 02:04:55

HP:   -18/138 (152) AC: 33    Str: 40    XL:     17   Next: 30%
MP:   0/33          EV:  2    Int:  5    God:    Ru [******]
Gold: 2616          SH: 17    Dex: 11    Spells: 30/30 levels left

rFire   + . .      SeeInvis .   I - +8 scimitar "Viloiv" {spect, Str+6}
rCold   + + .      Faith    .   r - +0 tower shield of Impressiveness {rPois MP+9 Slay+3 Stlth+}
rNeg    . . .      Spirit   +   m - +7 chain mail of the Wilderness {Fly rC+ rCorr Stlth+}
rPois   +          Reflect  .   y - +2 hat
rElec   .          Harm     .   X - scarf {rC+ rF+}
rCorr   +          Rampage  .   S - +2 pair of gloves
Will    +....                   j - +2 pair of boots {Fly}
Stlth   +++.......              K - amulet of guardian spirit
HPRegen 0.33/turn               i - +6 ring of strength
MPRegen 0.23/turn               N - +4 ring of protection

@: lethally poisoned (-18 -> -24), exhausted, weakened, on berserk cooldown,
flying, slowed, drained, very slow
A: horns 2, low MP 1, hated by all, inability to train dodging, no hexes magic,
no ice magic, no translocations magic, reduced EV 1, unskilled 1, retaliatory
headbutt, poison resistance
a: Renounce Religion, Draw Out Power, Power Leap, Apocalypse


You were on level 4 of the Snake Pit.
You worshipped Ru.
Ru was exalted by your worship.
You visited 9 branches of the dungeon, and saw 32 of its levels.
You also visited: Sewer and Ice Cave.

You collected 3904 gold pieces.
You spent 1288 gold pieces at shops.

Inventory:

Hand Weapons
 x - a +7 demon blade of electrocution
 I - the +8 scimitar "Viloiv" (weapon) {spect, Str+6}
   (You took it off a deep elf zephyrmancer on level 2 of the Orcish Mines)

   When its wielder attacks, the weapon's spirit leaps out and strikes again.
   The spirit shares a part of any damage it takes with its wielder.
   Str:       It affects your strength (+6).
Missiles
 q - 68 poisoned darts (quivered)
 Y - 8 silver javelins
 Z - 11 boomerangs
Armour
 j - a +2 pair of boots of flying (worn)
 m - the +7 chain mail of the Wilderness (worn) {Fly rC+ rCorr Stlth+}
   (You found it in an ice cave)

   rC:        It protects you from cold.
   Fly:       It grants you flight.
   rCorr:     It protects you from acid and corrosion.
   Stlth:     It makes you more stealthy.
 r - the +0 tower shield of Impressiveness (worn) {rPois MP+9 Slay+3 Stlth+}
   (You found it on level 3 of the Dungeon)

   Slay:      It affects your accuracy & damage with ranged weapons and melee
   (+3).
   rPois:     It protects you from poison.
   MP:        It affects your magic capacity (+9).
   Stlth:     It makes you more stealthy.
 y - a +2 hat (worn)
 D - a +2 cloak of willpower
 S - a +2 pair of gloves (worn)
 X - a scarf of resistance (worn)
Jewellery
 d - a +6 ring of dexterity
 i - a +6 ring of strength (left hand)
 F - a ring of protection from fire
 K - an amulet of guardian spirit (around neck)
 M - a +4 ring of protection
 N - a +4 ring of protection (right hand)
 R - a ring of see invisible
 V - a ring of protection from cold
Wands
 a - a wand of acid (10)
 b - a wand of iceblast (10)
 c - a wand of polymorph (14)
 n - a wand of mindburst (6)
 s - a wand of digging (14)
 z - a wand of paralysis (15)
Scrolls
 k - 2 scrolls of fog
 l - 3 scrolls of vulnerability
 t - 2 scrolls of noise
 v - 3 scrolls of immolation
 A - a scroll of amnesia
 H - 6 scrolls of teleportation
 O - 2 scrolls of silence
 P - 3 scrolls of magic mapping
 Q - 2 scrolls of fear
Potions
 g - 6 potions of ambrosia
 o - a potion of might
 u - 2 potions of magic
 B - 2 potions of cancellation
 C - 2 potions of brilliance
 G - 3 potions of lignification
 T - a potion of haste
Miscellaneous
 e - a lightning rod (4/4)
 f - a tin of tremorstones (1/2)
 w - a condenser vane (inert)


   Skills:
 * Level 14.1 Fighting
 + Level 13.0 Long Blades
 - Level 5.3 Polearms
 - Level 3.1 Throwing
 + Level 13.5 Armour
 - Level 9.0 Stealth
 + Level 13.5 Shields
 - Level 7.2 Spellcasting
 - Level 1.9 Transmutations
 - Level 12.0 Evocations


You had 30 spell levels left.
You didn't know any spells.
Your spell library contained the following spells:

 Spells                   Type           Power      Damage    Failure   Level
 Beastly Appendage        Tmut           6%         N/A       77%         1
 Wereblood                Tmut           3%         N/A       88%         2
 Foxfire                  Conj/Fire      4%         2x1d4     96%         1
 Magic Dart               Conj           4%         1d3       96%         1
 Pain                     Necr           4%         1d4       96%         1
 Searing Ray              Conj           2%         2d4       99%         2
 Spider Form              Tmut/Pois      2%         N/A       99%         3
 Conjure Flame            Conj/Fire      1%         6-21      100%        3
 Vampiric Draining        Necr           1%         2d6       100%        3
 Flame Wave               Conj/Fire      1%         2d4       100%        4
 Agony                    Necr           1%         N/A       100%        5
 Animate Skeleton         Necr           Unusable   N/A       N/A         1
 Ensorcelled Hibernation  Hex/Ice        Unusable   N/A       N/A         2
 Dazzling Flash           Conj/Hex       Unusable   N/A       N/A         3
 Inner Flame              Hex/Fire       Unusable   N/A       N/A         3
 Anguish                  Hex/Necr       Unusable   N/A       N/A         4
 Fulminant Prism          Conj/Hex       Unusable   3d6       N/A         4
 Silence                  Hex/Air        Unusable   N/A       N/A         5

Dungeon Overview and Level Annotations

Branches:
Dungeon (15/15)            Temple (1/1) D:5            Lair (6/6) D:9
 Shoals (1/4) Lair:4        Snake (4/4) Lair:2        Slime (1/5) Lair:6
    Orc (2/2) D:9             Elf (1/3) Orc:2        Vaults (0/5) D:13
 Depths (1/4) D:15          Sewer (visited)           IceCv (visited)

Altars:
Ashenzari
Cheibriados
Dithmenos
Elyvilon
Fedhas
Gozag
Hepliaklqana
Kikubaaqudgha
Makhleb
Nemelex Xobeh
Okawaru
Qazlal
Ru
Sif Muna
Trog
Uskayaw
Vehumet
Wu Jian
Xom
Yredelemnul
Zin
The Shining One
Beogh

Shops:
D:1 *!(!   D:2 (   D:11 (   D:12 (   Orc:2 [(*(   Snake:3 *

Annotations:
D:9 exclusion: orange crystal statue
D:15 Roxanne


Innate Abilities, Weirdness & Mutations

You have a pair of horns on your head.
Your magical capacity is low. (-10% MP)
You are hated by all.
You cannot train Dodging skill.
You cannot study or cast Hexes magic.
You cannot study or cast Ice magic.
You cannot study or cast Translocations magic.
You have somewhat slow reflexes. (EV -5)
You are somewhat unskilled. (-1 Apt)
You reflexively headbutt those who attack you in melee.
Your system is resistant to poisons. (rPois)


Message History

The guardian serpent looks as sick as possible!
You block the naga warrior's attack.
The salamander mystic points at the naga warrior and mumbles some strange words.
The naga warrior seems to speed up.
You are too berserk!
You are too berserk!
You are too berserk!
You feel your anger nearly subside.
You are no longer berserk.
You are exhausted.
You feel yourself slow down.
You feel sick.
The naga sharpshooter shoots a bolt.
You block the bolt. The naga ritualist spits poison at you.
You block the splash of poison.
The guardian serpent looks as sick as possible!
The naga warrior hits you from afar with a +0 glaive!
* * * LOW HITPOINT WARNING * * *
Blink to where?
Press: ? - help, Dir - move target
As you read the scroll of blinking, it crumbles to dust.
* * * LOW HITPOINT WARNING * * *
You feel very sick.
The naga no longer looks unusually strong.
The naga sharpshooter spits poison at you.
The splash of poison hits you. You resist.
* * * LOW HITPOINT WARNING * * *
The salamander mystic casts a spell at the naga.
The naga seems to speed up.
The salamander tyrant rends the earth beneath you!
The blast of magma engulfs you. You partially resist.
* * * LOW HITPOINT WARNING * * *
The naga sharpshooter gestures wildly while chanting.
The naga sharpshooter magically shoots a bolt.
The bolt hits you!
* * * LOW HITPOINT WARNING * * *
The guardian serpent is engulfed in poison gas.
The guardian serpent looks as sick as possible!
The salamander mystic casts a spell at something.
The salamander tyrant calls gouts of flame from the lava!
The flame surge hits you!! You resist.
You die...

..≈≈§########≈≈≈...##......#..)..
≈≈§###......###§≈≈..##...##|.....
≈≈##..........##≈≈≈..##..##......
≈##.....†......##§§§..##.####....
##....######....##§†§..### ##.#.
#...### ###...##≈≈§..## #.##
...## ##...##≈≈≈§.# #.## ..##
##(.†#§§§..# ##... ..#
#@≈)#####'####.... ### ≈
##)#)☼§##..##..... §.
##§§§..##..######
§§.#§§°§§..#........
≈.§§§SNN).#........
≈≈.#☼N§N.N.#........
≈§§.##...N.##........ §§.
##.§.##......... ≈§
#######........


You could see a naga warrior (fast), a naga sharpshooter (fast, strong, catching
breath), a salamander tyrant (strong, very poisoned), a salamander mystic
(strong, very poisoned), a guardian serpent (extremely poisoned, easily
poisoned) and a naga (fast).

Vanquished Creatures
  Saint Roka (Orc:2)
  Rupert (Snake:1)
  Asterion (Snake:1)
  Gastronok (Lair:1)
  Kirke (D:13)
  Agnes (D:14)
  Donald (Snake:1)
  2 orc warlords (Orc:2)
  Aizul (Snake:3)
  A reaper (IceCv)
  The ghost of Woods the Martial Artist, a journeyman GnTm of Ashenzari (Lair:2)
  A minotaur (Lair:2)
  The ghost of GilGalad the Fighter, a journeyman OgIE of Ashenzari (Lair:1)
  Josephine (D:12)
  5 vault guards (D:13)
  4 boulder beetles
  4 salamander tyrants (Snake:4)
  Fannar (Lair:3)
  9 naga warriors
  3 catoblepae
  5 hydras
  6 anacondas
  4 centaur warriors
  3 tengu warriors
  15 death yaks
  Urug (D:11)
  A shock serpent (Snake:3)
  An orc high priest (Orc:2)
  15 naga sharpshooters
  Nergalle (Lair:4)
  Sonja (Lair:3)
  A fire crab (shapeshifter) (D:12)
  5 salamander mystics (Snake:4)
  The ghost of turdburglar the Carver, a novice HuFi (D:7)
  A swamp dragon (shapeshifter) (D:13)
  2 sea snakes
  4 naga ritualists
  4 lindwurms (Snake:4)
  A deep elf archer (Orc:2)
  A harpy (shapeshifter) (D:15)
  2 wizards
  A necromancer (D:15)
  7 deep elf pyromancers
  10 ugly things
  4 orc knights
  An oklob plant (Lair:5)
  A wolf spider (D:12)
  2 deep elf zephyrmancers
  9 mana vipers
  13 salamanders
  8 orc sorcerers
  A moth of wrath (D:7)
  25 black mambas
  5 manticores
  An ice statue (IceCv)
  6 cyclopes
  10 naga magi
  Joseph (D:8)
  3 guardian serpents
  4 centaur zombies
  8 cane toads
  2 kobold demonologists
  4 rime drakes
  3 ice devils
  An efreet (D:14)
  An entropy weaver simulacrum (IceCv)
  An anaconda simulacrum (IceCv)
  11 komodo dragons
  2 tengu conjurers
  3 meliai (D:13)
  6 trolls
  A wind drake (Lair:4)
  A queen bee (D:13)
  A merfolk (Shoals:1)
  A wolf spider simulacrum (D:15)
  4 polar bears
  3 hornets (Lair:6)
  Grinder (D:4)
  A slime creature (Snake:2)
  11 dream sheep
  4 blink frogs (Lair:5)
  14 spriggans (Lair:6)
  A water elemental (Lair:4)
  2 hogs (D:13)
  2 shadows
  3 wyverns
  6 wraiths
  46 yaks
  The ghost of crimpus the Shield-Bearer, an amateur MiFi (D:3)
  A wyvern (shapeshifter) (D:15)
  4 basilisks
  7 humans
  2 steam dragons (D:8)
  Edmund (D:9)
  4 wargs (Orc:2)
  3 death yak simulacra (IceCv)
  27 nagas
  2 acid dragons
  3 harpy simulacra (IceCv)
  21 water moccasins
  Duvessa (D:5)
  Pargi (Sewer)
  2 hornet zombies
  37 orc warriors
  10 black bears
  2 necrophages (D:7)
  7 ogres
  5 boggarts (Lair:6)
  24 wolves
  9 centaurs
  A kobold brigand (D:10)
  A gnoll sergeant (D:7)
  15 bullfrogs
  4 two-headed ogre simulacra (IceCv)
  A wyvern zombie (D:6)
  2 water moccasin zombies (D:6)
  Dowan (D:5)
  3 elephant simulacra (IceCv)
  A water moccasin skeleton (D:5)
  31 killer bees
  8 electric eels
  9 wights
  3 howler monkeys (D:10)
  2 bullfrog zombies (D:6)
  3 quasits (D:3)
  A gnoll shaman (D:8)
  18 orc priests
  Crazy Yiuf (D:7)
  2 centaur skeletons
  6 hounds
  2 jellies
  2 iguanas
  Ijyb (D:9)
  26 orc wizards
  2 troll simulacra (IceCv)
  4 spriggan simulacra (IceCv)
  2 polar bear simulacra (IceCv)
  3 wolf simulacra (IceCv)
  A hound skeleton (D:4)
  A howler monkey skeleton (D:4)
  5 adders
  9 gnolls
  8 naga simulacra (IceCv)
  6 white imps
  8 ufetubi
  An adder skeleton (D:4)
  A worm (D:2)
  A dart slug (D:5)
  90 orcs
  3 ball pythons
  7 endoplasms
  4 giant cockroaches (D:3)
  7 goblins
  6 hobgoblins
  7 jackals
  3 quokkas
  6 bats
  2 frilled lizards
  16 kobolds
  8 rats
901 creatures vanquished.

Vanquished Creatures (others)
  Vashnia (Snake:2)
  3 hydras
  A boulder beetle (D:13)
  2 tengu warriors (D:15)
  A cyclops (D:14)
  A salamander (Snake:4)
  A manticore (D:14)
  A naga mage (Snake:1)
  A black mamba (Lair:5)
  A guardian serpent (Snake:4)
  2 cane toads
  A polar bear (Lair:6)
  A wolf spider simulacrum (D:13)
  A water elemental (Shoals:1)
  An orc warrior (D:9)
  2 wolves (Lair:6)
  2 centaurs (D:15)
  A kobold brigand (D:8)
  3 killer bees
  A wight (D:9)
  2 orc wizards (Orc:2)
  An ufetubus (IceCv)
  5 orcs
  4 kobolds
  31 fungi
  44 plants
  2 withered plants (Lair:1)
117 creatures vanquished.

Grand Total: 1018 creatures vanquished

Notes
Turn   | Place    | Note
-------+----------+-------------------------------------------
     0 | D:1      | NinjaNoafa the Minotaur Fighter began the quest for the
                  | Orb.
     0 | D:1      | Reached XP level 1. HP: 19/19 MP: 0/0
    17 | D:1      | Found Xinuon's Weapon Shoppe.
   194 | D:1      | Found Reuw Foo's Distillery.
   198 | D:1      | Reached XP level 2. HP: 27/27 MP: 1/1
   267 | D:1      | Found Riel's Distillery.
   369 | D:1      | Bought a potion of degeneration for 13 gold pieces
   502 | D:1      | Found Japrisch's General Store.
   511 | D:1      | Reached skill level 4 in Fighting
   573 | D:1      | Found a faded altar of an unknown god.
   573 | D:1      | Noticed a sixfirhy
   702 | D:1      | Prayed at the altar of an unknown god.
   702 | D:1      | Became a worshipper of Ru the Awakened
   724 | D:2      | Found Zyilao's Weapon Shoppe.
   725 | D:2      | Gained mutation: You cannot study or cast Ice magic. [Ru
                  | sacrifice]
   725 | D:2      | Gained mutation: You cannot study or cast Hexes magic. [Ru
                  | sacrifice]
   725 | D:2      | Gained mutation: You cannot study or cast Translocations
                  | magic. [Ru sacrifice]
   725 | D:2      | Reached * piety under Ru
   735 | D:2      | Reached XP level 3. HP: 33/33 MP: 2/2
   891 | D:2      | Found a broken altar of Ashenzari.
  1180 | D:3      | Identified the +0 tower shield of Impressiveness {rPois
                  | MP+9 Slay+3 Stlth+}
  1318 | D:3      | Reached XP level 4. HP: 40/40 MP: 3/3
  1335 | D:3      | Found a transporter.
  1342 | D:3      | Noticed crimpus's ghost (amateur MiFi)
  1379 | D:3      | Found a transporter.
  1511 | D:3      | Gained mutation: You are partially covered in iridescent
                  | scales. (AC +2) [potion of mutation]
  1511 | D:3      | Gained mutation: You sometimes lose the ability to read
                  | scrolls when taking damage. [potion of mutation]
  1512 | D:3      | Lost mutation: You sometimes lose the ability to read
                  | scrolls when taking damage. [potion of mutation]
  1512 | D:3      | Lost mutation: You are partially covered in iridescent
                  | scales. (AC +2) [potion of mutation]
  1512 | D:3      | Gained mutation: Your system is resistant to poisons.
                  | (rPois) [potion of mutation]
  1513 | D:3      | Identified a scroll of acquirement
  1513 | D:3      | Acquired 1164 gold pieces
  1537 | D:2      | Bought the +9 falchion "Xaetud" {vamp, Will+} for 799 gold
                  | pieces
  1580 | D:3      | Reached skill level 5 in Armour
  1580 | D:3      | Reached XP level 5. HP: 30/47 MP: 4/4
  1741 | D:3      | Reached skill level 5 in Shields
  1746 | D:3      | Found a glowing drain.
  1750 | Sewer    | Entered a sewer
  1762 | Sewer    | Reached skill level 5 in Fighting
  1803 | Sewer    | Noticed Pargi
  1809 | Sewer    | Killed Pargi
  1810 | Sewer    | Reached XP level 6. HP: 56/56 MP: 5/5
  2084 | D:3      | Killed crimpus's ghost
  2085 | D:3      | Reached skill level 5 in Long Blades
  2095 | D:3      | Reached skill level 6 in Fighting
  2095 | D:3      | Reached XP level 7. HP: 51/63 MP: 6/6
  2197 | D:4      | Noticed Grinder
  2208 | D:4      | Killed Grinder
  2209 | D:4      | Reached skill level 7 in Fighting
  2621 | D:4      | Found a glowing golden altar of the Shining One.
  2654 | D:4      | Found a sparkling altar of Nemelex Xobeh.
  2654 | D:4      | Found a burning altar of Makhleb.
  2661 | D:4      | Found a broken altar of Ashenzari.
  2663 | D:4      | Found a faded altar of an unknown god.
  2665 | D:4      | Found a faded altar of an unknown god.
  2805 | D:5      | Entered Level 5 of the Dungeon
  2897 | D:5      | Reached XP level 8. HP: 73/73 MP: 7/7
  2954 | D:5      | Noticed Duvessa
  2954 | D:5      | Noticed Dowan
  2964 | D:5      | Killed Duvessa
  2973 | D:5      | Killed Dowan
  3041 | D:5      | Gained mutation: You have somewhat slow reflexes. (EV -5)
                  | [Ru sacrifice]
  3041 | D:5      | Reached ** piety under Ru
  3318 | D:5      | Found a staircase to the Ecumenical Temple.
  3327 | Temple   | Entered the Ecumenical Temple
  4055 | D:6      | Reached skill level 1 in Evocations
  4948 | D:7      | Reached skill level 5 in Evocations
  4951 | D:7      | Found a transporter.
  4961 | D:7      | Reached XP level 9. HP: 40/81 MP: 8/8
  5170 | D:7      | Noticed turdburglar's ghost (novice HuFi)
  5192 | D:7      | Found a bloodstained altar of Trog.
  5192 | D:7      | Noticed a moth of wrath
  5205 | D:7      | Found a transporter.
  5241 | D:7      | Reached skill level 8 in Fighting
  5245 | D:7      | Noticed a troll
  5251 | D:7      | Killed a troll
  5408 | D:7      | Gained mutation: You are hated by all. [Ru sacrifice]
  5408 | D:7      | Reached *** piety under Ru
  5408 | D:7      | Reached **** piety under Ru
  5520 | D:7      | Found a runed translucent door.
  5521 | D:7      | Noticed Crazy Yiuf
  5821 | D:7      | Killed Crazy Yiuf
  5939 | D:7      | Killed turdburglar's ghost
  5944 | D:7      | Killed a moth of wrath
  6116 | D:8      | Reached XP level 10. HP: 90/90 MP: 9/9
  6284 | D:8      | Reached skill level 9 in Fighting
  6703 | D:8      | Noticed Joseph
  6715 | D:8      | Killed Joseph
  7470 | D:9      | Gained mutation: You are somewhat unskilled. (-1 Apt) [Ru
                  | sacrifice]
  7470 | D:9      | Reduced skill Fighting to level 8
  7470 | D:9      | Reached ***** piety under Ru
  7524 | D:9      | Reached skill level 9 in Fighting
  7640 | D:9      | Found a staircase to the Orcish Mines.
  7727 | D:9      | Noticed an orange crystal statue
  7817 | D:9      | Reached XP level 11. HP: 70/97 MP: 10/10
  8104 | D:9      | Noticed Edmund
  8105 | D:9      | Noticed Ijyb
  8112 | D:9      | Killed Edmund
  8112 | D:9      | Killed Ijyb
  8280 | D:9      | Found a staircase to the Lair.
  8471 | D:9      | Identified the +4 scythe "Earthworm" {protect, Int+3}
  8739 | D:10     | Entered Level 10 of the Dungeon
  9217 | D:10     | Gained mutation: Your magical capacity is low. (-10% MP)
                  | [Ru sacrifice]
  9586 | D:1      | Bought a potion of might for 52 gold pieces
  9601 | D:1      | Bought a potion of haste for 120 gold pieces
  9601 | D:1      | Bought a potion of berserk rage for 60 gold pieces
  9634 | D:1      | Bought a scroll of teleportation for 42 gold pieces
 10443 | D:11     | Noticed a boulder beetle
 10493 | D:11     | Identified the +10 scale mail of Pride {rF+ rC+ Int+2
                  | Dex+5}
 10627 | D:11     | Killed a boulder beetle
 10653 | D:11     | Noticed Urug
 10664 | D:11     | Killed Urug
 10789 | D:11     | Found Kaetoug's Weapon Shop.
 10924 | D:12     | Noticed a centaur warrior
 10929 | D:12     | Noticed a fire crab
 10929 | D:12     | a salamander changed into a fire crab
 10933 | D:12     | Killed a centaur warrior
 10944 | D:12     | Killed a fire crab
 11038 | D:12     | Noticed a boulder beetle
 11071 | D:12     | Killed a boulder beetle
 11072 | D:12     | Reached skill level 10 in Evocations
 11072 | D:12     | Reached XP level 12. HP: 106/106 MP: 9/9
 11100 | D:12     | Reached skill level 1 in Dodging
 11173 | D:12     | Found Ivey's Antique Weapon Shop.
 11228 | D:12     | Gained mutation: You cannot train Dodging skill. [Ru
                  | sacrifice]
 11228 | D:12     | Reached ****** piety under Ru
 11261 | D:12     | Reached skill level 1 in Stealth
 11322 | D:12     | Reached skill level 1 in Throwing
 11561 | D:12     | Noticed Josephine
 11569 | D:12     | Killed Josephine
 11769 | D:13     | Noticed Kirke
 11778 | D:13     | Killed Kirke
 11827 | D:13     | Noticed a two-headed ogre
 11827 | D:13     | a komodo dragon changed into a two-headed ogre
 11829 | D:13     | a two-headed ogre changed into a swamp dragon
 11837 | D:13     | Reached skill level 5 in Stealth
 12155 | D:13     | Noticed a tengu warrior
 12168 | D:13     | Killed a tengu warrior
 12246 | D:13     | Found a gate to the Vaults.
 12246 | D:13     | Noticed a vault guard
 12246 | D:13     | Noticed a vault guard
 12246 | D:13     | Noticed a vault guard
 12246 | D:13     | Noticed a vault guard
 12246 | D:13     | Noticed a vault guard
 12263 | D:13     | Found a snail-covered altar of Cheibriados.
 12263 | D:13     | Found a shimmering altar of Xom.
 12263 | D:13     | Found a shimmering altar of Xom.
 12263 | D:13     | Found an ornate altar of the Wu Jian Council.
 12263 | D:13     | Found a burning altar of Makhleb.
 12263 | D:13     | Found a shadowy altar of Dithmenos.
 12266 | D:13     | Reached skill level 10 in Armour
 12269 | D:13     | Reached skill level 10 in Fighting
 12330 | D:13     | Noticed a vault guard
 12343 | D:13     | Noticed a vault guard
 12345 | D:13     | Noticed a boulder beetle
 12346 | D:13     | Killed a vault guard
 12346 | D:13     | Noticed a vault guard
 12353 | D:13     | Killed a vault guard
 12360 | D:13     | Killed a vault guard
 12364 | D:13     | Killed a vault guard
 12753 | D:13     | Killed a boulder beetle
 12754 | D:13     | Reached skill level 10 in Long Blades
 12754 | D:13     | Reached skill level 10 in Shields
 12754 | D:13     | Reached XP level 13. HP: 108/113 MP: 10/10
 14268 | D:14     | Noticed Agnes
 14275 | D:14     | Killed Agnes
 15403 | D:15     | Entered Level 15 of the Dungeon
 15452 | D:15     | Reached skill level 1 in Spellcasting
 16641 | D:15     | Reached XP level 14. HP: 109/110 MP: 17/17
 16724 | D:15     | Found a staircase to the Depths.
 16729 | Depths:1 | Entered Level 1 of the Depths
 16784 | D:15     | Noticed Roxanne
 17663 | D:1      | Bought a potion of resistance for 130 gold pieces
 17678 | D:1      | Bought 2 potions of curing for 72 gold pieces
 17983 | Lair:1   | Entered Level 1 of the Lair of Beasts
 18176 | Lair:1   | Found a runed translucent door.
 18208 | Lair:1   | Noticed Gastronok
 18224 | Lair:1   | Killed Gastronok
 18225 | Lair:1   | Reached skill level 5 in Spellcasting
 18709 | Lair:1   | Noticed GilGalad's ghost (journeyman OgIE)
 18875 | Lair:1   | Killed GilGalad's ghost
 19146 | Lair:2   | Found a staircase to the Snake Pit.
 19162 | Snake:1  | Entered Level 1 of the Snake Pit
 19522 | Lair:2   | Noticed Woods's ghost (journeyman GnTm)
 19538 | Lair:2   | Found a runed translucent gate.
 19538 | Lair:2   | Found a runed translucent gate.
 19538 | Lair:2   | Found a runed translucent gate.
 19678 | Lair:2   | Found a radiant altar of Vehumet.
 20184 | Lair:2   | Killed Woods's ghost
 20447 | Lair:3   | Noticed Sonja
 20471 | Lair:3   | Killed Sonja
 20914 | Lair:3   | Noticed Fannar
 20926 | Lair:3   | Killed Fannar
 21193 | Lair:4   | Found a staircase to the Shoals.
 21472 | Lair:4   | Noticed Nergalle
 21485 | Lair:4   | Killed Nergalle
 22609 | Lair:5   | Reached XP level 15. HP: 111/115 MP: 21/21
 23217 | Lair:6   | Entered Level 6 of the Lair of Beasts
 23352 | Lair:6   | Reached skill level 1 in Transmutations
 23661 | Lair:6   | Reached skill level 11 in Fighting
 23765 | Lair:6   | Found a frozen archway.
 23785 | IceCv    | Entered an ice cave
 24178 | IceCv    | Identified the +7 chain mail of the Wilderness {Fly rC+
                  | rCorr Stlth+}
 24688 | IceCv    | Identified the +4 mace "Tuodowo" {venom, rPois rC+ rN+
                  | Str-5}
 24705 | IceCv    | Identified the +3 buckler "Rirghup" {rN+ SInv}
 24938 | Lair:6   | Found a staircase to the Slime Pits.
 27002 | Orc:1    | Entered Level 1 of the Orcish Mines
 27152 | Orc:1    | Found a burning altar of Makhleb.
 27238 | Orc:2    | Entered Level 2 of the Orcish Mines
 27355 | Orc:2    | Noticed Saint Roka
 27378 | Orc:2    | Killed Saint Roka
 27566 | Orc:2    | Noticed an orc warlord
 27572 | Orc:2    | Found Goimnac's Antique Armour Boutique.
 27966 | Orc:2    | Killed an orc warlord
 27974 | Orc:2    | Found Hoxkucall's Antique Weapon Shop.
 28235 | Orc:2    | Found a staircase to the Elven Halls.
 28254 | Elf:1    | Entered Level 1 of the Elven Halls
 28366 | Orc:2    | Reached XP level 16. HP: 60/60 MP: 23/23
 28371 | Orc:2    | Reached skill level 1 in Polearms
 28417 | Orc:2    | Found Ubise's Antique Weapon Boutique.
 28572 | Orc:2    | Found Xiafat's Assorted Antiques.
 29054 | Shoals:1 | Entered Level 1 of the Shoals
 29379 | Orc:2    | Identified the +8 scimitar "Viloiv" {spect, Str+6}
 30192 | Slime:1  | Entered Level 1 of the Pits of Slime
 30328 | Snake:1  | Found a stormy altar of Qazlal.
 30568 | Snake:1  | Noticed Rupert
 30581 | Snake:1  | Killed Rupert
 30582 | Snake:1  | Reached skill level 12 in Fighting
 31155 | Snake:1  | Noticed Asterion
 31163 | Snake:1  | Noticed Donald
 31166 | Snake:1  | Killed Donald
 31169 | Snake:1  | Killed Asterion
 31545 | Snake:1  | Reached skill level 5 in Polearms
 33150 | Snake:2  | Noticed Vashnia
 33159 | Snake:2  | Killed Vashnia
 33519 | Snake:3  | Noticed Aizul
 33539 | Snake:3  | Killed Aizul
 34109 | Snake:3  | Reached skill level 13 in Fighting
 34751 | Snake:3  | Found Tudab's CLEARANCE SALE!.
 35125 | Snake:4  | Entered Level 4 of the Snake Pit
 35453 | Snake:4  | Reached XP level 17. HP: 120/136 MP: 12/24
 36568 | Snake:4  | Reached skill level 14 in Fighting
 36591 | Snake:4  | HP: 5/138 [salamander tyrant (2)]
 36591 | Snake:4  | HP: 2/138 [naga sharpshooter/bolt (3)]
 36591 | Snake:4  | Killed from afar by a salamander tyrant

Illustrated notes

Levels and vault maps discovered:
D:1:      kennysheep_arrival_forest, layout_rooms,
          dreamdust_ecumenical_altar_sealed_demon, serial_shops,
          nicolae_lakefront_shop, nicolae_diamond_shop, shop_fountains, shop
D:2:      layout_rooms, serial_shops, shop, basic_altar
D:3:      layout_rooms, gup_sewer_entry_bowl, gammafunk_ghost_stat_death
D:4:      layout_basic, nicolae_tso_swordbearing_angel,
          chequers_temple_overflow_minitemple, uniq_grinder
D:5:      layout_rooms, minmay_temple_entry_nine_rooms, uniq_duvessa
D:6:      layout_loops_ring, minmay_manual_macuahuitl
D:7:      layout_loops_corners, gammafunk_ghost_wrathful_warriors,
          chequers_serial_rivers_micro_a, minmay_chambers_of_fives,
          uniq_crazy_yiuf_cottage
D:8:      layout_layer_cave, kennysheep_decorative_pillar, kennysheep_potato,
          uniq_joseph
D:9:      erik_cavepeople, layout_rooms, grunt_lair_entry_orc_guard_hut,
          david_orc_4, kennysheep_minor_cross, minivault_15
D:10:     layout_basic, minmay_misc_feat_tiny
D:11:     layout_basic, serial_shops, kennysheep_mini_moat, uniq_urug
D:12:     layout_small_grid, serial_shops, nicolae_shop_stone, uniq_josephine
D:13:     layout_roguey [special_room_bee], erik_vaults_2,
          hangedman_abyss_or_decor_jellyfish_corner, eino_tiny_chamber,
          doesnt_xom_only_xom, uniq_kirke
D:14:     layout_loops_ring, minmay_misc_feat_columns, uniq_agnes
D:15:     grunt_enter_depths_magical_seal, layout_loops_ring, serial_glass,
          glass_columns_b, glass_columns_b, grunt_decor_one_mirror, uniq_roxanne
Temple:   regret_index_temple_mists
Lair:1:   layout_hall_layers, gammafunk_ghost_grave, grunt_megastairs_3,
          uniq_gastronok
Lair:2:   layout_cave_pods, dummy_snake_entry, basic_altar,
          maelrawn_ghost_gauntlet_escape, serial_bayou_shore_a
Lair:3:   layout_misc_corridors, infiniplex_staircase_pool_2, uniq_sonja,
          uniq_fannar
Lair:4:   layout_cave_pods, minmay_shoals_entry_beasts, uniq_nergalle
Lair:5:   hellmonk_ruined_rings, layout_hall_layers, serial_bayou_shore_b
Lair:6:   minmay_lair_end_enchanted_forest, layout_hall_layers,
          dpeg_slime_entry_corner, gauntlet_entry_generic,
          portal_ice_cave_demonic_guard, chequers_serial_rivers_micro_c
Shoals:1: layout_shoals, uniq_mlioglotl
Snake:1:  layout_basic, basic_altar, grunt_ministairs_9, grunt_megastairs_2,
          uniq_rupert, uniq_asterion, uniq_donald
Snake:2:  layout_grid_maze, nicolae_snake_gridmaze_big_u, serial_bayou_ford_a,
          uniq_vashnia
Snake:3:  layout_chambers, nicolae_shop_clearance, grunt_megastairs_4,
          uniq_aizul
Snake:4:  snake_pit_salamanders_mu, layout_chambers, special_room,
          nicolae_snake_single_loop
Slime:1:  layout_caves
Orc:1:    layout_caves, bloody_makhleb
Orc:2:    grunt_orc_community_town_hall, layout_caves,
          grunt_orc_community_big_house_1, grunt_orc_community_big_house_2,
          grunt_orc_community_house_2, grunt_orc_community_house_2,
          grunt_orc_community_house_2, grunt_orc_community_house_2,
          grunt_orc_community_house_2, grunt_orc_community_house_3, elf_legates,
          uniq_saint_roka
Elf:1:    minmay_shoctagon, layout_loops_ring, serial_shops, nicolae_shop_trees,
          serial_sigils, serial_sigils_hangedman_confine,
          serial_sigils_hangedman_gut, serial_sigils_hangedman_gut,
          serial_sigils_hangedman_stare, serial_sigils_hangedman_shear,
          minmay_elf_demonology
Depths:1: layout_small_grid, hell_entry, chequers_serial_rivers_micro_d,
          kennysheep_treasure_room, serial_bayou_shore_b, firewood_loft,
          grunt_megastairs_1

Skill      XL: |  1  2  3  4  5  6  7  8  9 10 11 12 13 14 15 16 17 |
---------------+----------------------------------------------------+-----
Armour         | 4 5 6 7 8 9 10 11 13 | 13.5
Fighting       | 4 5 6 7 8 9 10 11 13 14 | 14.1
Shields        | 4 5 6 7 8 10 11 13 | 13.5
Long Blades    | 3 4 5 6 7 8 10 11 12 13 | 13.0
Evocations     | 5 7 7 10 12 | 12.0
Dodging        | 0 |  0.0
Stealth        | 6 8 9 |  9.0
Throwing       | 2 3 |  3.1
Spellcasting   | 4 7 |  7.2
Transmutations | 1 |  1.9
Polearms       | 5 |  5.3

Action                   |  1- 3 |  4- 6 |  7- 9 | 10-12 | 13-15 | 16-18 || total
-------------------------+-------+-------+-------+-------+-------+-------++-------
Melee: Long sword        |    74 |    22 |       |       |       |       ||    96
       Headbutt          |     7 |    10 |    28 |   120 |   262 |    75 ||   502
       Falchion          |       |    38 |   182 |   481 |  1018 |    72 ||  1791
       Scimitar          |       |       |       |       |       |   187 ||   187
       Demon blade       |       |       |       |       |       |    48 ||    48
Throw: Dart              |     5 |       |       |       |     4 |     5 ||    14
       Stone             |     3 |       |       |       |       |       ||     3
       Throwing net      |       |       |       |     1 |       |       ||     1
       Javelin           |       |       |       |       |     4 |     3 ||     7
Invok: Sacrifice Arcana  |     1 |       |       |       |       |       ||     1
       Sacrifice Health  |       |       |     1 |       |       |       ||     1
       Power Leap        |       |       |     2 |    12 |    14 |     9 ||    37
       Sacrifice Love    |       |       |     1 |       |       |       ||     1
       Sacrifice Skill   |       |       |       |     1 |       |       ||     1
       Apocalypse        |       |       |       |     3 |    17 |    11 ||    31
       Sacrifice Essence |       |       |       |     1 |       |       ||     1
       Sacrifice Nimblen |       |       |       |     1 |       |       ||     1
       Draw Out Power    |       |       |       |       |     1 |     1 ||     2
Evoke: Wand              |       |       |     3 |    20 |    74 |    12 ||   109
       Lightning rod     |       |       |       |     7 |     7 |     5 ||    19
       Tin of tremorston |       |       |       |       |     7 |     4 ||    11
       Condenser vane    |       |       |       |       |     3 |     1 ||     4
  Use: Scroll            |     3 |     4 |     7 |    10 |    12 |     5 ||    41
       Potion            |       |     7 |     2 |     6 |    14 |     9 ||    38
 Stab: Invisible         |       |       |     4 |     1 |    11 |     4 ||    20
       Paralysed         |       |       |       |     3 |    22 |     8 ||    33
       Distracted        |       |       |       |     3 |     5 |     5 ||    13
       Held in net/web   |       |       |       |     1 |       |       ||     1
       Sleeping          |       |       |       |       |    14 |     6 ||    20
       Petrified         |       |       |       |       |     2 |       ||     2
Armor: Scale mail        |    51 |       |       |   172 |   673 |       ||   896
       Plate armour      |    14 |   131 |   359 |   226 |       |       ||   730
       Chain mail        |       |       |       |       |   144 |   180 ||   324
Dodge: Dodged            |    35 |    20 |    20 |    22 |    86 |    15 ||   198
Block: Buckler           |    24 |       |       |       |       |       ||    24
       Tower shield      |    11 |    80 |   450 |   558 |   974 |   274 ||  2347
